Cogmind - Beta 14 @@@ ROGUE MODE // 2024.12.24 @ 14:05:45 Player: Golinth Result: Destroyed by G-34 Mercenary with Small Laser Performance ------------- Evolutions (1) 500 Regions Visited (2) 400 Robots Destroyed (37) 185 Value Destroyed (928) 928 Prototype IDs (0) 0 Alien Tech Used (0) 0 Bonus (8) 8 TOTAL SCORE: 2021 Bonus ------- High Alert Combat Kills 8 Cogmind --------- Core Integrity 0/400 Matter 270/300 Energy 218/250 System Corruption 0% Temperature Cool (6) Movement Walking (120) Location -9/Materials Parts ------- > --- POWER (1) -------- Ion Engine > --- PROPULSION (4) --- Aluminum Leg Aluminum Leg Aluminum Leg Aluminum Leg > --- UTILITY (2) ------ Heat Sink Medium Storage Unit > --- WEAPON (2) ------- Small Laser Mace > --- INVENTORY (10) --- Aluminum Leg Heat Sink Huge Storage Unit Improved Propulsion Shielding Improved Propulsion Shielding Light Armor Plating Peak State ------------ > --- POWER ------------ Ion Engine > --- PROPULSION ------- Aluminum Leg Aluminum Leg Aluminum Leg Aluminum Leg > --- UTILITY ---------- Heat Sink Medium Storage Unit > --- WEAPON ----------- EM Pulse Gun Mace > --- INVENTORY -------- Aluminum Leg Huge Storage Unit Improved Propulsion Shielding Improved Propulsion Shielding Light Armor Plating Small Laser Small Laser [Rating: 11] Favorites ----------- Power Ion Engine Engine Ion Engine Propulsion Aluminum Leg Leg Aluminum Leg Utility Heat Sink Device Heat Sink Storage Small Storage Unit Weapon Light Assault Rifle Energy Gun EM Pulse Gun Ballistic Gun Light Assault Rifle Launcher Grenade Launcher Impact Weapon Mace Build | -11 -10 -9 ------- Run | Yrd Mat Mat Slots Evolved 2 | . . 2 Power . | . . . Propulsion 2 | . . 2 Utility . | . . . Weapon . | . . . Parts Attached 35 | 7 1 27 Power 3 | 1 . 2 Engine 3 | 1 . 2 Core . | . . . Reactor . | . . . Propulsion 15 | 2 . 13 Treads . | . . . Leg 15 | 2 . 13 Wheel . | . . . Hover . | . . . Flight . | . . . Utility 8 | 2 1 5 Device 4 | 1 1 2 Storage 4 | 1 . 3 Processor . | . . . Hackware . | . . . Protection . | . . . Artifact . | . . . Weapon 9 | 2 . 7 Energy Gun 4 | . . 4 Energy Cannon . | . . . Ballistic Gun 2 | 2 . . Ballistic Cannon . | . . . Launcher 1 | . . 1 Special Weapon . | . . . Impact Weapon 2 | . . 2 Slashing Weapon . | . . . Piercing Weapon . | . . . Special Melee Weapon . | . . . Unidentified Prototypes . | . . . Parts Lost 20 | . 1 19 Power 2 | . . 2 Propulsion 10 | . . 10 Utility 3 | . 1 2 Weapon 5 | . . 5 Highest Loss Streak 11 | . 1 11 To Critical Strikes . | . . . Average Slot Usage (%) 98 | . 100 96 Engine 12 | . 14 10 Leg 35 | . 28 41 Device 12 | . 14 10 Storage 12 | . 14 11 Energy Gun 4 | . . 7 Ballistic Gun 16 | . 28 8 Impact Weapon 2 | . . 4 Peak Build Rating 11 | 7 7 11 Average Rating 8 | 5 6 9 On Entrance 4 | . 7 7 Naked Turns . | . . . Heaviest Build 21 | 14 14 21 Greatest Support 40 | 20 20 40 Greatest Overweight (x) 1 | . . 1 Average Overweight (x) . | . . . Largest Inventory Capacity 25 | 8 8 25 Average Capacity 8 | 7 8 9 Most Carried 10 | 5 8 10 Average Carried 6 | 2 6 7 Final Capacity 10 | 8 8 10 Final Carried 8 | 4 8 6 Class Distribution -------------------- 70% | Mutant 29% | Scavenger-Mutant Dominant Class ---------------- Mutant | -10/Materials Scavenger-Mutant | -9/Materials Resources | -11 -10 -9 ----------- Run | Yrd Mat Mat Matter Collected 733 | 257 120 356 Remotely 156 | . . 156 Salvage Created 1317 | 111 250 956 Parts 80 | 8 11 61 Haulers Intercepted . | . . . Recyclers Shooed 3 | . . 3 Parts Field Recycled . | . . . Retrieved Matter . | . . . Parts Self-Destructed . | . . . Prevented . | . . . Kills | -11 -10 -9 ------- Run | Yrd Mat Mat Combat Hostiles Destroyed 28 | . 5 23 Melee 1 | . . 1 Guns 19 | . 5 14 AOE 8 | . . 8 Classes Destroyed 8 | 2 2 4 Worker 1 | . . 1 Tunneler 2 | 2 . . Recycler 3 | 1 . 2 Watcher 3 | . 1 2 Swarmer 8 | . . 8 Grunt 17 | . 5 12 Duelist 1 | . . 1 Sentry 2 | . . 2 Best Kill Streak 6 | 2 2 6 Combat Bots Only 6 | . 2 6 Max Kills in Single Turn 2 | 1 1 2 Gunslinging . | . . . Exploded 2 | . . 2 Melee 1 | . . 1 Uniques/NPCs Destroyed . | . . . Combat | -11 -10 -9 -------- Run | Yrd Mat Mat Hostile Shots Fired 245 | . 33 212 Missed 77 | . 11 66 Damage Taken 2165 | . 263 1902 Core 494 | . 93 401 Absorbed by Shields . | . . . Core Remaining (%) 81 | 100 62 . Volleys Fired 117 | 7 20 90 Largest 2 | 2 2 2 Hottest 80 | 40 40 80 Shots Fired 189 | 12 40 137 Gun 183 | 12 40 131 Cannon . | . . . Launcher 6 | . . 6 Special . | . . . Kinetic 110 | 12 40 58 Thermal 43 | . . 43 Explosive 6 | . . 6 Electromagnetic 30 | . . 30 Robot Hit Streak 12 | 2 12 9 Robot Miss Streak 6 | 1 2 6 Penetration Max . | . . . Secondary Targets 3 | . 1 2 Max Gunslinging Chain 1 | . 1 1 Shots Hit Robots 124 | 7 29 88 Core Hits 66 | 5 14 47 Critical Kills . | . . . Critical Parts Destroyed 1 | . . 1 Critical Strikes 1 | . . 1 Smash 1 | . . 1 Melee Attacks 7 | . . 7 Impact 7 | . . 7 Slashing . | . . . Piercing . | . . . Sneak Attacks . | . . . Combat Hostiles . | . . . Follow-up Attacks . | . . . Damage Inflicted 1789 | 60 289 1440 Guns 1260 | 60 289 911 Cannons . | . . . Explosions 415 | . . 415 Melee 111 | . . 111 Ramming 3 | . . 3 Kinetic 681 | 60 289 332 Thermal 450 | . . 450 Explosive 293 | . . 293 Electromagnetic 251 | . . 251 Impact 111 | . . 111 Slashing . | . . . Piercing . | . . . Highest Corruption . | . . . Average Corruption . | . . . Corruption Purged . | . . . Corruption Blocked . | . . . Overload Shots . | . . . Overflow Damage 21 | . . 21 Projectiles . | . . . Explosions . | . . . Melee 21 | . . 21 Knockbacks 2 | . . 2 Impact 1 | . . 1 Kinetic . | . . . Secondary 1 | . . 1 Self-Inflicted Damage 109 | . . 109 Shots 5 | . . 5 Rammed . | . . . Targets Rammed 1 | . . 1 Kicked 1 | . . 1 Crushed . | . . . Highest Temperature 24 | . 18 24 Average Temperature 7 | . 9 6 Received Heat Transfer 909 | . 120 789 Siege Activations . | . . . Robots Corrupted . | . . . Combat Hostiles . | . . . Parts Fried . | . . . Impact Corruptions 1 | . . 1 Robots Melted . | . . . Combat Hostiles . | . . . Parts Melted 3 | . . 3 Heat Transferred 850 | . . 850 Parts Sabotaged . | . . . Parts Stolen . | . . . Parts Stripped . | . . . Power Chain Reactions 2 | . . 2 Alert | -11 -10 -9 ------- Run | Yrd Mat Mat Peak Influence 426 | 15 106 426 Initial 27 | . 9 27 Average 104 | 7 49 156 Maximum Alert Level 2 | . . 2 Low Security (%) 87 | 100 100 75 Level 1 12 | . . 23 Level 2 . | . . . Level 3 . | . . . Level 4 . | . . . Level 5 . | . . . High Security . | . . . Max Security . | . . . Squads Dispatched 3 | . 1 2 Investigation 1 | . . 1 Extermination . | . . . Reinforcement 2 | . 1 1 Assault . | . . . Garrison . | . . . Intercept . | . . . Searches Triggered . | . . . Construction Impeded . | . . . Haulers Reinforced . | . . . Active Scanning Responses . | . . . Cargo Convoy Interrupts . | . . . Stealth | -11 -10 -9 --------- Run | Yrd Mat Mat Distress Signals 6 | . 2 4 Communications Jammed . | . . . Distress Signals . | . . . Times Spotted 58 | . 11 47 Peak Tracking Total 10 | . 3 10 Tactical Retreats 9 | . . 9 Traps | -11 -10 -9 ------- Run | Yrd Mat Mat Traps Triggered 2 | . 1 1 Indirectly . | . . . Trap Hack Attempts . | . . . Triggered . | . . . Disarmed . | . . . Reprogrammed . | . . . Reused . | . . . Traps Extracted . | . . . Installed . | . . . Triggered . | . . . Machines | -11 -10 -9 ---------- Run | Yrd Mat Mat Machines Disabled . | . . . Max in Single Turn . | . . . Machines Repaired . | . . . Machines Dismantled . | . . . Machines Sabotaged . | . . . Overloaded Fab Kills . | . . . Hacking | -11 -10 -9 --------- Run | Yrd Mat Mat Machines Accessed 6 | . 2 4 Terminals 5 | . 2 3 Fabricators . | . . . Repair Stations . | . . . Recycling Units 1 | . . 1 Scanalyzers . | . . . Garrison Access . | . . . Total Hacks 10 | . 4 6 Successful 6 | . 3 3 Failed 4 | . 1 3 Catastrophic . | . . . Database Lockouts . | . . . Manual . | . . . Terminals 9 | . 4 5 Fabricators . | . . . Repair Stations . | . . . Recycling Units 1 | . . 1 Scanalyzers . | . . . Garrison Access . | . . . Terminal Hacks 5 | . 3 2 Alert Level 3 | . 1 2 Locate Traps 2 | . 2 . Fabricator Hacks . | . . . Repair Station Hacks . | . . . Recycling Unit Hacks 1 | . . 1 Report Inventory 1 | . . 1 Scanalyzer . | . . . Garrison Access Hacks . | . . . Unauthorized Hacks . | . . . Terminals . | . . . Fabricators . | . . . Repair Stations . | . . . Recycling Units . | . . . Scanalyzers . | . . . Garrison Access . | . . . Data Cores Recovered . | . . . Used . | . . . Hacking Detections 2 | . . 2 Full Trace Events . | . . . Feedback Events . | . . . Feedback Blocked . | . . . Robot Schematics Acquired . | . . . Robots Built . | . . . Authchips . | . . . Time . | . . . Total Robot Build Rating . | . . . Part Schematics Acquired . | . . . Parts Built . | . . . Authchips . | . . . Time . | . . . Total Part Build Rating . | . . . Parts Repaired . | . . . Time . | . . . Parts Recycled . | . . . Recycled Matter . | . . . Retrieved Matter . | . . . Retrieved Components . | . . . Parts Scanalyzed . | . . . Part Schematics Acquired . | . . . Parts Damaged . | . . . Bothacking | -11 -10 -9 ------------ Run | Yrd Mat Mat Used RIF Installer . | . . . Robots Hacked . | . . . Non-combat . | . . . Combat . | . . . Robot Hacks Applied . | . . . Relay Couplers Released . | . . . Fabnet Peak Effective % . | . . . Robots Rewired . | . . . Allies Hacked . | . . . Hacks Repelled . | . . . Allies | -11 -10 -9 -------- Run | Yrd Mat Mat Total Allies . | . . . Largest Group . | . . . Highest-Rated Group . | . . . Highest-Rated Ally . | . . . Total Orders . | . . . Ally Attacks . | . . . Total Damage . | . . . Kills . | . . . Allies Corrupted . | . . . Allies Melted . | . . . Intel | -11 -10 -9 ------- Run | Yrd Mat Mat Robot Analysis Total . | . . . Derelict Logs Recovered . | . . . Drone Launches . | . . . Drone Recoveries . | . . . Exploration | -11 -10 -9 ------------- Run | Yrd Mat Mat Turns Passed 1860 | 124 732 1004 Spaces Moved 1170 | 85 547 538 Core 18 | 18 . . Treads . | . . . Legs 1152 | 67 547 538 Wheels . | . . . Hover . | . . . Flight . | . . . Fastest Speed 50 | 50 120 120 Average Speed 119 | 105 120 121 Slowest Speed 190 | 120 120 190 Overloaded Moves . | . . . Propulsion Burnouts . | . . . Robots Hopped . | . . . Cave-ins Triggered . | . . . Exploration Rate (%) 26 | 4 46 30 Regions Visited 2 Branch Regions . Pre-discovered Areas . | . . . Known Exits Taken . | . . . Unknown Exits Taken 2 | 1 1 . Scrap Searched . | . . . Spaces Dug . | . . . Terrain Destroyed 47 | . . 47 Melee . | . . . Projectile . | . . . AOE 47 | . . 47 Terrain Rammed . | . . . Walls Destroyed . | . . . Machines Disabled . | . . . Actions | -11 -10 -9 --------- Run | Yrd Mat Mat Total 1439 | 109 589 741 Wait 66 | . 9 57 Move 1168 | 84 546 538 Hop . | . . . Pick Up 40 | 11 9 20 Fast Attach . | . . . Attach 29 | 7 1 21 Detach . | . . . Swap 6 | . . 6 Drop 5 | . 4 1 Fire 117 | 7 20 90 Melee 7 | . . 7 Ram . | . . . Kick 1 | . . 1 Crush . | . . . Escape Stasis . | . . . Rewire . | . . . Trap . | . . . Miscellaneous . | . . . Route ------- -11/Scrapyard -10/Materials -9/Materials History --------- Turn | Location | Event 12 | -11/Scrapyard | Discovered new exit (range 14) 125 | -11/Scrapyard | Entered Materials 303 | -10/Materials | Build established: Mutant 818 | -10/Materials | Discovered new exit (range 3) 857 | -10/Materials | Entered another Materials area 857 | -9/Materials | Evolved 2 slots: Propulsion x2 1292 | -9/Materials | Core integrity fell below 50% 1331 | -9/Materials | Lost 11 parts (1p5n2u3w) 1588 | -9/Materials | Build established: Scavenger-Mutant 1705 | -9/Materials | Lost 4 parts (3n1w) 1781 | -9/Materials | Core integrity fell below 20% 1861 | -9/Materials | Destroyed by G-34 Mercenary with Small Laser Last Messages --------------- 01742_ K-01 Serf collects debris. 01745_ K-01 Serf destroyed. 01745_ W-16 Scout destroyed. 01746_ K-01 Serf collects debris. 01748_ Acquired 10 matter. 01754_ Acquired Aluminum Leg. 01760_ W-16 Scout sends out distress signal. 01770_ Kicked R-06 Scavenger out of the way. 01771_ W-16 Scout sends out distress signal. 01778_ Aluminum Leg destroyed. 01781_ K-01 Serf destroyed. 01827_ Ion Engine destroyed. 01829_ Critical hit (Burn: +37). 01831_ Sml. Laser destroyed. 01833_ G-47 Trooper heat spikes uncontrollably. 01833_ G-47 Trooper overheating. 01835_ G-47 Trooper destroyed. 01852_ G-34 Mercenary destroyed. 01859_ R-06 Scavenger collects Aluminum Leg. 01860_ G-34 Mercenary knocked back. Map ----- +----------------------------------------------------+ | """ R"#?####### #?# ## """" #?? | | """ """#???????# ! #?# ## """" #?? | | #???????# % ### ############?? | | #########???????# """ ## #???????????? | | ????????????????# """ ## #???????????? | | ????????????????# """ + #???????????? | | ???????################## #???????????? | | ??????# ##+#######???????? | | ??????+ # #???????? | | ??????# ??? # #???????? | | ??????# ??????????# + #???????? | | ??????# ??????????# # #???????? | | ??????# ??????????# # #???????? | | ??????# #?????????# # #???????? | | ??????# #?????##### # #???????? | | ??????# #?????#!! # #???????? | | ??????# #?????#!! # "T" #???????? | | ??????# #?????# ##########???????? | | ??????# #?????#!! #????????????????? | | ?????# #?????#[[ #????????????????? | | ###### #?????#[[ ########?????????? | | ########### # #?????????? | | ^^ =% + # Y# r""" #?????????? | | %#### ] # g#r """ #?????????? | | # #??# "" + g/%%""" #?????????? | | # #### "Y # #@ """ #?????????? | | # == """# "" # # #?????????? | | # = T"# # ########?????????? | | # """######## ???????????????? | | # ####??????# ??????????????? | | # #?????????# ?????????????? | | ########+#####??????#########????????????? | | #??# % #???????????????????????????? | | *####! """ #???????????????????????????? | | %%*%+= """"" #???????????????????????????? | | ####= """"" #???????????????????????????? | | *#??# """"" #???????????????????????????? | | ##??# """ #???????????????????????????? | | #???# #???????????????????????????? | | #???# #???????????????????????????? | | #???# #???????????????????????????? | | #???##########???????????????????????????? | | #????????????????????????????????????????? | | #????????????????????????????????????????? | | #????????????????????????????????????????? | | #????" ??????????????????????????????????? | | # """ "?????????????????????????????????? | | + """ """???????????????????????????????? | | # ??????????????????????????????? | | ###########??????????????????????????????? | +----------------------------------------------------+ Best States ------------- Heat Dissipation 38 Energy Generation 10 Energy Capacity 250 Matter Stores 300 Matter Capacity 300 Sight Range 16 Terrain Scan Density 10 Evasion (%) 55 Item Schematics ----------------- None Robot Schematics ------------------ None Fabricated ------------ Nothing Alien Tech Used ----------------- None Achievements -------------- Storm Trooper Use The Force Challenges ------------ None Game ------ Seed MicrowarpPlasmaMallet Manual? 0 Play Time 00:14:30 Cumulative 5.6 hours Start 2024.12.24 @ 13:51:28 End 2024.12.24 @ 14:05:45 Sessions 1 Manual Loads 0 Difficulty Rogue Special Mode None Game No. 8 Rogue 1 Adventurer 7 Explorer 0 Win Type - Total 0 Types 0/0/0/0/0/0/0/0/0 Lore% 4 Gallery% 13 Achievement% 11 Wizard Run 0 Options --------- Layout 1 ASCII 0 Keyboard 0 Movement Arrows Keybinds 0 Fullscreen 1 Font 24/Smallcaps Map View 50x35 Zoom Use 0% Tactical HUD 1 Map Filters NONE Filters NONE Steam 1 RUN: da7ef438-39e5-4459-94de-f4e21bca2dd0